 Dungeon Crawl Stone Soup version 0.27-b1-16-g6517624069 (webtiles) character file.

Game seed: 11142711638908897501

177 vvl the Stinger (level 5, 0/33 HPs)
             Began as an Octopode Venom Mage on July 27, 2021.
             Slain by a black bear (4 damage)
             ... on level 4 of the Dungeon.
             The game lasted 00:09:34 (4797 turns).

vvl the Stinger (Octopode Venom Mage)               Turns: 4797, Time: 00:09:35

Health: 0/33       AC:  1    Str:  8    XL:     5   Next: 57%
Magic:  7/8        EV: 13    Int: 18    God:
Gold:   139        SH:  0    Dex: 12    Spells: 8/9 levels left

rFire    . . .     SeeInvis .   q - +1 dagger (venom)
rCold    . . .     Faith    .   (no shield)
rNeg     . . .     Spirit   .   (helmet restricted)
rPois    .         Reflect  .   (no amulet)
rElec    .         Harm     .   n - ring of resist corrosion
rCorr    +         Rampage  .   (no ring)
Will     .....                  (no ring)
Stlth    +++.......             (no ring)
HPRegen  0.11/turn              (no ring)
MPRegen  0.11/turn              (no ring)
                                (no ring)
                                (no ring)

@: no status effects
A: almost no armour, amphibious, 8 rings, camouflage 1, gelatinous body 1,
(nimble swimmer 1), tentacles
a: no special abilities


You were on level 4 of the Dungeon.
You visited 1 branch of the dungeon, and saw 4 of its levels.

You collected 139 gold pieces.

Inventory:

Hand Weapons
 b - a +1 whip of venom
 q - a +1 dagger of venom (weapon)
 s - a +3 quarterstaff of chaos
Jewellery
 k - a ring of ice
 n - a ring of resist corrosion (left tentacle)
Wands
 h - a wand of digging (4)
Scrolls
 d - a scroll of acquirement {unknown}
 e - a scroll of teleportation {unknown}
 f - 3 scrolls of identify {unknown}
 i - 2 scrolls of enchant armour {unknown}
 j - 3 scrolls of enchant weapon {unknown}
 l - a scroll of magic mapping {unknown}
 m - a scroll of vulnerability {unknown}
 t - a scroll of noise {unknown}
Potions
 a - 4 potions of curing {unknown}
 c - a potion of haste {unknown}
 g - a potion of lignification {unknown}
 o - a potion of cancellation {unknown}
 p - a potion of flight {unknown}
 r - a potion of experience {unknown}


   Skills:
 + Level 1.5 Fighting
 + Level 2.6 Dodging
 - Level 3.0 Stealth
 + Level 1.5 Unarmed Combat
 + Level 2.5 Spellcasting
 + Level 2.0 Transmutations
 + Level 1.8 Earth Magic
 + Level 4.3 Poison Magic


You had 8 spell levels left.
You knew the following spells:

 Your Spells              Type           Power      Damage    Failure   Level
a - Sting                 Tmut/Pois      52%        1d5       4%          1

Your spell library contained the following spells:

 Spells                   Type           Power      Damage    Failure   Level
 Sandblast                Erth           18%        2d7       8%          1
 Poisonous Vapours        Pois/Air       20%        N/A       11%         2
 Passwall                 Tmut/Erth      7%         N/A       12%         2
 Mephitic Cloud           Conj/Pois/Air  7%         N/A       28%         3
 Olgreb's Toxic Radiance  Pois           18%        N/A       28%         4
 Lee's Rapid Deconstruct  Erth           4%         3d6*      91%         5


Dungeon Overview and Level Annotations

Branches:
Dungeon (4/15)
 Temple: D:4-7

Altars:
Okawaru


Innate Abilities, Weirdness & Mutations

You cannot wear most types of armour.
You are amphibious.
You can wear up to eight rings at the same time.
Your skin changes colour to match your surroundings (Stealth+).
Your rubbery body absorbs attacks. (AC +1, EV +1)
((You are camouflaged near water. (Stealth+)))
You have tentacles for arms and can constrict up to eight enemies at once.


Message History

The black bear is lightly wounded.
The sting hits the black bear.
The black bear looks even sicker.
The black bear is lightly wounded.
The black bear bites you. The black bear closely misses you.
The black bear barely misses you.
You barely miss the black bear. You grab the black bear.
The black bear is lightly wounded.
You constrict the black bear. The black bear completely misses you.
The black bear closely misses you. The black bear claws you.
You hit the black bear.
The black bear is moderately wounded.
You constrict the black bear. The black bear bites you.
The black bear misses you. The black bear claws you.
You hit the black bear but do no damage.
The black bear looks as sick as possible!
The black bear is moderately wounded.
You constrict the black bear, but do no damage.
The black bear misses you. The black bear closely misses you.
The black bear barely misses you.
You hit the black bear but do no damage.
The black bear looks as sick as possible!
The black bear is heavily wounded.
You constrict the black bear. The black bear bites you!
The black bear claws you. x2
* * * LOW HITPOINT WARNING * * *
You release your grip on the black bear.
A dart slug comes into view.
The black bear goes berserk!
The black bear bites you.
* * * LOW HITPOINT WARNING * * *
The black bear claws you.
* * * LOW HITPOINT WARNING * * *
The black bear claws you but does no damage.
You barely miss the black bear. You grab the black bear.
The black bear is almost dead.
You constrict the black bear.
The black bear bites you but does no damage.
The black bear claws you but does no damage.
The black bear claws you.
You die...

#...........#.##.#.##.#≈#
#..........##.##.#.##)#≈#
##.........##.##...# .###
##......#.##.#...##
#######..##.#).## #....#
#....# #>..## #.#@# #.#h#
#...# ###..## #...##
#...### #.## #


You could see a black bear (berserk, very poisoned).

Vanquished Creatures
  Crazy Yiuf (D:3)
  5 adders
  A worm (D:2)
  4 dart slugs
  5 orcs
  6 ball pythons
  8 endoplasms
  3 giant cockroaches
  4 goblins
  9 hobgoblins
  10 jackals
  10 kobolds
  6 bats
  3 frilled lizards
  7 rats
82 creatures vanquished.

Vanquished Creatures (others)
  A fungus (D:4)
  5 plants (D:4)
6 creatures vanquished.

Grand Total: 88 creatures vanquished

Notes
Turn   | Place    | Note
-------+----------+-------------------------------------------
     0 | D:1      | vvl the Octopode Venom Mage began the quest for the Orb.
     0 | D:1      | Reached XP level 1. HP: 11/11 MP: 3/3
   249 | D:1      | You fall into a shaft and drop 1 floor!
   249 | D:2      | Found an iron altar of Okawaru.
   303 | D:2      | Reached XP level 2. HP: 13/18 MP: 3/5
   857 | D:1      | Reached XP level 3. HP: 21/22 MP: 6/6
   996 | D:1      | Found a faded altar of an unknown god.
  1018 | D:1      | Reached skill level 1 in Earth Magic
  1456 | D:1      | Reached skill level 1 in Fighting
  1820 | D:2      | Reached skill level 4 in Poison Magic
  1950 | D:2      | Reached skill level 1 in Unarmed Combat
  1950 | D:2      | Reached XP level 4. HP: 20/28 MP: 7/7
  3629 | D:3      | Reached XP level 5. HP: 30/33 MP: 8/8
  4341 | D:3      | Found a runed translucent door.
  4342 | D:3      | Noticed Crazy Yiuf
  4509 | D:3      | Killed Crazy Yiuf
  4784 | D:4      | Noticed a black bear
  4797 | D:4      | Slain by a black bear

Illustrated notes

Levels and vault maps discovered:
D:1:      pf_arrival_petrified_forest, layout_basic,
          shapermc_ecumenical_altar_mp_ritualfount, st_stairs_4,
          roderic_lattice_a
D:2:      layout_loops_cross, basic_altar, minmay_fractal_squares_gapless_5
D:3:      layout_basic, kennysheep_cluttered_room, uniq_crazy_yiuf_cottage
D:4:      cheibrodos_thug_alley, layout_rooms, nicolae_ru_the_path_less_chosen,
          uniq_natasha, uniq_sigmund, uniq_duvessa

Skill      XL: |  1  2  3  4  5 |
---------------+----------------+-----
Stealth        | 3 |  3.0
Earth Magic    | 1 |  1.8
Fighting       | 1 |  1.5
Poison Magic   | 4 |  4.3
Unarmed Combat | 1 |  1.5
Transmutations | 2 |  2.0
Dodging        | |  2.6
Spellcasting   | |  2.5

Action                   |  1- 3 |  4- 6 || total
-------------------------+-------+-------++-------
Melee: Dagger            |     8 |    25 ||    33
       Whip              |    49 |    61 ||   110
       Constrict         |    16 |    20 ||    36
       Unarmed           |     2 |       ||     2
       Tentacles         |     7 |    10 ||    17
       Punch             |     1 |     1 ||     2
 Cast: Sting             |    18 |    17 ||    35
 Stab: Sleeping          |     8 |    11 ||    19
Armor: Skin              |     6 |    10 ||    16
Dodge: Dodged            |    49 |    53 ||   102
